 Dungeon Crawl Stone Soup version 0.26.1-11-gd32895ea62 (webtiles) character file.

Game seed: 4674238393138696164

7 Descartes the Scratcher (level 1, 0/9 HPs)
             Began as a Felid Transmuter on July 3, 2021.
             Slain by a kobold
             ... wielding a +0 dagger
              (5 damage)
             ... on level 1 of the Dungeon.
             The game lasted 00:00:17 (252 turns).

Descartes the Scratcher (Felid Transmuter)           Turns: 252, Time: 00:00:17

Health: 0/9        AC:  1    Str:  6    XL:     1   Next: 83%
Magic:  4/4        EV: 18    Int: 14    God:
Gold:   29         SH:  0    Dex: 16    Spells: 3/4 levels left
                                        Lives:  0   Deaths: 0

rFire    . . .     SeeInvis +     - Unarmed
rCold    . . .     Faith    .   (shield unavailable)
rNeg     . . .     Spirit   .   (armour unavailable)
rPois    .         Reflect  .   (helmet unavailable)
rElec    .         Harm     .   (cloak unavailable)
rCorr    .         Rampage  .   (gloves unavailable)
Will     .....                  (boots unavailable)
Stlth    ++........             (no amulet)
HPRegen  0.03/turn              (no ring)
MPRegen  0.09/turn              (no ring)

@: appendages (expiring), quick
A: very small, no armour, no weapons or thrown items, stealth, claws 1, fangs 3,
horns 2, see invisible, speed 1, shaggy fur 1, sharp paws
a: End Transformation


You were on level 1 of the Dungeon.
You had grown temporary horns.
You visited 1 branch of the dungeon, and saw 1 of its levels.

You collected 29 gold pieces.

Inventory:

Scrolls
 b - a scroll of amnesia {unknown}
 c - a scroll of fear {unknown}
Potions
 a - 2 potions of magic {unknown}


   Skills:
 + Level 1.0 Fighting
 + Level 3.1 Dodging
 + Level 3.2 Unarmed Combat
 + Level 2.0 Spellcasting
 + Level 2.2 Transmutations


You had 3 spell levels left.
You knew the following spells:

 Your Spells              Type           Power        Failure   Level
a - Beastly Appendage     Tmut           14%          10%         1

Your spell library contained the following spells:

 Spells                   Type           Power        Failure   Level
 Wereblood                Tmut           7%           14%         2
 Spider Form              Tmut/Pois      2%           41%         3
 Ice Form                 Ice/Tmut       4%           83%         4
 Blade Hands              Tmut           3%           95%         5


Dungeon Overview and Level Annotations

Branches:
Dungeon (1/15)

Altars:


Innate Abilities, Weirdness & Mutations

You cannot wear armour.
You are incapable of wielding weapons or throwing items.
Your paws allow you to move quietly. (Stealth)
You have sharp claws.
You have razor-sharp teeth.
You have supernaturally acute eyesight. (SInv)
You cover ground quickly.
You are covered in fur. (AC +1)
Your sharp claws are effective at attacking unaware monsters.
You have a pair of horns on your head.


Message History

You scratch the jackal. Your headbutt misses the jackal.
The jackal is heavily wounded.
The jackal completely misses you. The jackal misses you.
The jackal barely misses you. The jackal completely misses you.
The jackal bites you but does no damage.
You barely miss the jackal. Your bite misses the jackal.
The jackal is heavily wounded.
The jackal bites you. The kobold completely misses you.
The jackal closely misses you.
The jackal bites you but does no damage.
You scratch the jackal but do no damage.
The jackal is heavily wounded.
The jackal barely misses you. The jackal closely misses you.
The jackal misses you. The kobold hits you with a +0 dagger.
The jackal completely misses you. The jackal misses you.
You scratch the jackal.
You kill the jackal!
The jackal closely misses you. The kobold hits you with a +0 dagger.
Ouch! That really hurt!
You die...

#.......(
#......#............#
###......#............#
..#......#............#
#.#......#............#
.........+.......>....#
#.#......#.....!......#
#.#......#......K†.[..#
..#####'##.....?@h....#
..# #.##.......h....#
..#####.........#######
................#
.######.........# ##
#......(..#
#######.........#
.............####
........)....#######


You could see 2 jackals and a kobold.

Vanquished Creatures
  A dart slug (D:1)
  A jackal (D:1)
  A bat (D:1)
  A frilled lizard (D:1)
  2 goblins (D:1)
  A rat (D:1)
7 creatures vanquished.

Notes
Turn   | Place    | Note
-------+----------+-------------------------------------------
     0 | D:1      | Descartes the Felid Transmuter began the quest for the Orb.
     0 | D:1      | Reached XP level 1. HP: 9/9 MP: 4/4
   252 | D:1      | Slain by a kobold

Illustrated notes

Levels and vault maps discovered:
D:1:      amcnicky_arrival_flooded_fountain, layout_basic, serial_park_tiny_2

Skill      XL: |  1 |
---------------+----+-----
Dodging        | 3 |  3.1
Fighting       | |  1.0
Unarmed Combat | |  3.2
Spellcasting   | |  2.0
Transmutations | |  2.2

Action                   || total
-------------------------++-------
Melee: Unarmed           ||    20
       Bite              ||     1
 Cast: Beastly Appendage ||     3
Armor: Skin              ||     3
Dodge: Dodged            ||    27
